 Dungeon Crawl Stone Soup version 0.26.1-10-gdfb7c7de75 (webtiles) character file.

Game seed: 11435305749964284838

48 H0rd4k the Charlatan (level 4, 0/32 HPs)
             Began as a Human Artificer on Apr 8, 2021.
             Succumbed to an adder's poison
             ... on level 2 of the Dungeon.
             The game lasted 00:01:27 (2433 turns).

H0rd4k the Charlatan (Human Artificer)              Turns: 2433, Time: 00:01:28

Health: 0/32       AC:  3    Str: 14    XL:     4   Next: 0%
Magic:  4/4        EV: 12    Int: 11    God:
Gold:   136        SH:  0    Dex: 13    Spells: 3/3 levels left

rFire    . . .     SeeInvis .   g - +0 dagger
rCold    . . .     Faith    .   (no shield)
rNeg     . . .     Spirit   .   b - +0 leather armour
rPois    .         Reflect  .   (no helmet)
rElec    .         Harm     .   (no cloak)
rCorr    .         Rampage  .   (no gloves)
Will     .....                  (no boots)
Stlth    +.........             (no amulet)
HPRegen  0.10/turn              (no ring)
MPRegen  0.09/turn              (no ring)

@: lethally poisoned (0 -> -2)
A: no striking features
a: no special abilities


You were on level 2 of the Dungeon.
You visited 1 branch of the dungeon, and saw 2 of its levels.

You collected 136 gold pieces.

Inventory:

Hand Weapons
 a - a +0 club
 g - a +0 dagger (weapon)
Armour
 b - a +0 leather armour (worn)
Jewellery
 n - a +4 ring of protection {unknown}
 p - an uncursed ring of ice {unknown}
Wands
 c - a wand of flame (14) (quivered)
 d - a wand of enslavement (13)
 e - a wand of random effects (15)
 q - a wand of paralysis (12)
Scrolls
 i - a scroll of enchant weapon {unknown}
 j - 3 scrolls of teleportation {unknown}
 k - 2 scrolls of identify {unknown}
 m - a scroll of blinking {unknown}
 r - a scroll of immolation {unknown}
Potions
 f - a potion of resistance {unknown}
 h - 3 potions of flight {unknown}
 l - 3 potions of brilliance {unknown}
 o - a potion of haste {unknown}
 s - a potion of curing {unknown}


   Skills:
 + Level 1.2 Fighting
 + Level 0.8 Short Blades
 + Level 2.4 Armour
 + Level 1.7 Dodging
 + Level 1.2 Stealth
 + Level 3.6 Evocations


You had 3 spell levels left.
You didn't know any spells.
Your spell library was empty.

Dungeon Overview and Level Annotations

Branches:
Dungeon (2/15)

Altars:
Okawaru


Message History

You kill the jackal!
You have reached level 4!
You feel stronger.
Aiming: Enslavement
Press: ? - help, Shift-Dir - straight line, f - frilled lizard
Aim: a frilled lizard (chance to affect: 73%)
The frilled lizard is charmed.
Unknown command.
You feel sick.
The jackal completely misses your frilled lizard.
The jackal bites your frilled lizard.
Your frilled lizard dies!
You feel sick.
You hit the jackal but do no damage.
The jackal is heavily wounded.
The jackal bites you.
* * * LOW HITPOINT WARNING * * *
The jackal bites you.
* * * LOW HITPOINT WARNING * * *
You die...

##################
.....†..........>##
#########.......@.#
#.†...........### ###
#.##.......h..'.# ..#
#.............#.#
..###..#....l.....#.#
......†.()r.......#.#
....####...B......#.#
....## #..........#.#
.....# ##g######....#


You could see a quokka, a jackal, a giant cockroach and a frilled lizard.

Vanquished Creatures
  An adder (D:2)
  3 dart slugs
  A leopard gecko (D:1)
  A giant cockroach (D:1)
  4 goblins
  2 hobgoblins (D:1)
  A jackal (D:2)
  A quokka (D:2)
  5 bats
  3 frilled lizards
  7 kobolds
  2 rats (D:1)
31 creatures vanquished.

Vanquished Creatures (others)
  An adder (D:2)
  A frilled lizard (D:2)
2 creatures vanquished.

Grand Total: 33 creatures vanquished

Notes
Turn   | Place    | Note
-------+----------+-------------------------------------------
     0 | D:1      | H0rd4k the Human Artificer began the quest for the Orb.
     0 | D:1      | Reached XP level 1. HP: 15/15 MP: 1/1
   343 | D:1      | Reached XP level 2. HP: 13/21 MP: 2/2
  1185 | D:1      | Reached XP level 3. HP: 24/26 MP: 3/3
  2124 | D:2      | Found an iron altar of Okawaru.
  2424 | D:2      | Reached XP level 4. HP: 5/32 MP: 4/4
  2432 | D:2      | HP: 1/32 [jackal (2)]
  2433 | D:2      | Succumbed to an adder's poison

Illustrated notes

Levels and vault maps discovered:
D:1:      amcnicky_arrival_underground_garden, layout_loops_cross,
          minmay_hexomino_u4
D:2:      layout_basic, nicolae_qazlal_general_emergency,
          okawaru_ov_weapons_minmay

Action                   |  1- 3 |  4- 6 || total
-------------------------+-------+-------++-------
Melee: Club              |    11 |       ||    11
       Dagger            |   176 |     1 ||   177
Evoke: Wand              |     2 |     1 ||     3
 Stab: Sleeping          |     2 |       ||     2
Armor: Leather armour    |    73 |       ||    73
Dodge: Dodged            |   137 |       ||   137
